 Dungeon Crawl Stone Soup version 0.27-a0-1123-g2f9bb313c0 (webtiles) character file.

Game seed: 9670238429304585305

5374 robertstho the Cleaver (level 10, -3/91 HPs)
             Began as a Minotaur Berserker on May 3, 2021.
             Was an Elder of Trog.
             Slain by an eight-headed hydra (11 damage)
             ... on level 10 of the Dungeon.
             The game lasted 00:10:05 (7910 turns).

robertstho the Cleaver (Minotaur Berserker)         Turns: 7910, Time: 00:10:06

Health: -3/91      AC:  8    Str: 23    XL:     10   Next: 39%
Magic:  9/9        EV: 12    Int:  5    God:    Trog [****..]
Gold:   438        SH:  0    Dex: 11    Spells: 9/9 levels left

rFire    + . .     SeeInvis .   b - +3 executioner's axe (drain)
rCold    x . .     Faith    .   (shield currently unavailable)
rNeg     . . .     Spirit   .   k - +0 scale mail
rPois    .         Reflect  .   (helmet restricted)
rElec    .         Harm     .   (no cloak)
rCorr    .         Rampage  .   (no gloves)
Will     .....                  (no boots)
Stlth    ..........             (no amulet)
HPRegen  0.25/turn              g - ring of fire
MPRegen  0.11/turn              (no ring)

@: no status effects
A: horns 2, retaliatory headbutt
a: Renounce Religion, Berserk, Trog's Hand, Brothers in Arms


You were on level 10 of the Dungeon.
You worshipped Trog.
Trog was greatly pleased with you.
You visited 1 branch of the dungeon, and saw 9 of its levels.

You collected 438 gold pieces.

Inventory:

Hand Weapons
 a - a +0 hand axe
 b - a +3 executioner's axe of draining (weapon)
Missiles
 c - 5 throwing nets
 q - a curare-tipped dart
Armour
 k - a +0 scale mail (worn)
Jewellery
 g - a ring of fire (left hand)
 r - an amulet of magic regeneration
Wands
 i - a wand of iceblast (8)
 m - a wand of paralysis (8)
Scrolls
 d - a scroll of teleportation
 l - a scroll of enchant weapon {unknown}
 o - a scroll of fear
 p - 4 scrolls of identify
Potions
 e - 2 potions of flight {unknown}
 f - a potion of cancellation
 h - a potion of heal wounds
 j - 4 potions of curing
 n - 2 potions of haste {unknown}


   Skills:
 + Level 9.1 Fighting
 + Level 13.1 Axes
 + Level 8.7 Armour
 + Level 5.6 Dodging
 + Level 1.1 Stealth


You had 9 spell levels left.
You didn't know any spells.
Your spell library was empty.

Dungeon Overview and Level Annotations

Branches:
Dungeon (10/15)            Temple (0/1) D:5
   Lair: D:8-11         Orc: D:9-12

Altars:
Cheibriados
Gozag
Makhleb
Nemelex Xobeh
Qazlal
Sif Muna
Uskayaw
Yredelemnul
The Shining One

Shops:
D:4 [

Annotations:
D:6 Shiverbunnies's ghost, novice GrGl


Innate Abilities, Weirdness & Mutations

You have a pair of horns on your head.
You reflexively headbutt those who attack you in melee.


Message History

You slice the yak!!
You kill the yak!
Trog accepts your kill.
You barely miss the wyvern. You barely miss the yak. You slash the yak!
You drain the yak. The yak misses you. The wyvern barely misses you.
The yak barely misses you. The yak gores you!
The wyvern bites you but does no damage.
Your Fighting skill increases to level 9!
Your Axes skill increases to level 13!
You barely miss the yak.
The yak is almost dead.
You barely miss the yak. You slice the wyvern!! The wyvern bites you.
The yak barely misses you. You furiously retaliate!
You headbutt the yak!
You kill the yak!
Trog accepts your kill. The wyvern barely misses you.
You slice the wyvern!!
You kill the wyvern!
Trog accepts your kill.
You slice one of the seven-headed hydra's heads off!
The six-headed hydra grows two more!
You slash the eight-headed hydra! You barely miss the yak.
The eight-headed hydra bites you! x3
The eight-headed hydra bites you but does no damage.
The eight-headed hydra bites you!
* * * LOW HITPOINT WARNING * * *
The eight-headed hydra bites you.
* * * LOW HITPOINT WARNING * * *
The eight-headed hydra bites you.
* * * LOW HITPOINT WARNING * * *
The eight-headed hydra bites you.
* * * LOW HITPOINT WARNING * * *
A shadow comes into view.
The eight-headed hydra closely misses you.
The eight-headed hydra misses you. The eight-headed hydra bites you!
* * * LOW HITPOINT WARNING * * *
The eight-headed hydra misses you.
The eight-headed hydra barely misses you.
The eight-headed hydra closely misses you.
The eight-headed hydra bites you!
You die...

#...# ##...# ##....#
.# ##.....# ##.# #
#......# #..# ...
#......# #..#
.....#†.....# #..#
#$OD@....# #..#
...WY#YY....######..#
... #..............#
# #......######..#
..##.....#....#..#
#..##....#....#..#
#..##...#....#..#
#..#.<.#....#..#
#.#...#....#..#


You could see an eight-headed hydra, a two-headed ogre, 3 yaks and a shadow.

Vanquished Creatures
  Harold (D:7)
  Pikel (D:4)
  Joseph (D:7)
  A troll (D:6)
  A shadow (D:9)
  A wyvern (D:10)
  2 yaks (D:10)
  A steam dragon (D:6)
  Menkaure (D:7)
  2 water moccasins
  2 sky beasts
  2 ice beasts
  A centaur (D:6)
  2 ogres
  2 phantoms (D:5)
  2 kobold brigands (D:9)
  2 bullfrogs
  Blork the orc (D:4)
  A wyvern zombie (D:9)
  17 killer bees
  A howler monkey (D:4)
  8 centaur zombies (D:9)
  5 hounds
  2 bullfrog zombies
  A centaur skeleton (D:4)
  4 iguanas
  Ijyb (D:4)
  An orc wizard (D:3)
  2 howler monkey zombies
  3 adders
  4 gnolls
  A howler monkey skeleton (D:6)
  2 white imps
  2 worms (D:3)
  3 dart slugs
  8 orcs
  4 endoplasms
  6 giant cockroaches
  5 goblins
  4 hobgoblins
  5 jackals
  10 quokkas
  2 ball pythons (D:3)
  3 bats
  2 frilled lizards
  21 kobolds
  A quokka skeleton (D:4)
  3 rats (D:3)
158 creatures vanquished.

Notes
Turn   | Place    | Note
-------+----------+-------------------------------------------
     0 | D:1      | robertstho the Minotaur Berserker began the quest for the
                  | Orb.
     0 | D:1      | Reached XP level 1. HP: 19/19 MP: 0/0
   146 | D:1      | Found a faded altar of an unknown god.
   255 | D:1      | Reached XP level 2. HP: 24/27 MP: 1/1
   266 | D:1      | Reached skill level 4 in Axes
   919 | D:2      | Reached ** piety under Trog
   920 | D:2      | Reached XP level 3. HP: 33/33 MP: 2/2
  1901 | D:3      | Reached XP level 4. HP: 10/41 MP: 3/3
  2773 | D:3      | Reached skill level 5 in Axes
  2798 | D:3      | Identified a scroll of acquirement
  2799 | D:3      | Acquired a +3 executioner's axe of draining
  2895 | D:3      | Found a stormy altar of Qazlal.
  3196 | D:3      | Found a shimmering blue altar of Sif Muna.
  3328 | D:4      | Noticed Ijyb
  3335 | D:4      | Killed Ijyb
  3336 | D:4      | Reached XP level 5. HP: 47/47 MP: 4/4
  3337 | D:4      | Noticed Pikel
  3402 | D:4      | Killed Pikel
  3403 | D:4      | Reached skill level 5 in Fighting
  3403 | D:4      | Reached skill level 7 in Axes
  3403 | D:4      | Reached skill level 1 in Stealth
  3403 | D:4      | Reached XP level 6. HP: 53/57 MP: 5/5
  3403 | D:4      | Reached XP level 7. HP: 58/62 MP: 6/6
  3706 | D:4      | Noticed Blork the orc
  3713 | D:4      | Killed Blork the orc
  3768 | D:4      | Reached *** piety under Trog
  3769 | D:4      | Reached skill level 8 in Axes
  3861 | D:4      | Found Ceiv's Armour Emporium.
  4069 | D:5      | Entered Level 5 of the Dungeon
  4116 | D:5      | Found a staircase to the Ecumenical Temple.
  4169 | D:5      | Reached XP level 8. HP: 70/70 MP: 7/7
  4312 | D:5      | Found a snail-covered altar of Cheibriados.
  4417 | D:5      | Reached skill level 9 in Axes
  4963 | D:6      | Reached skill level 10 in Axes
  5096 | D:6      | Found a runed translucent gate.
  5096 | D:6      | Found a runed translucent gate.
  5096 | D:6      | Found a runed translucent gate.
  5099 | D:6      | Noticed Shiverbunnies's ghost (novice GrGl)
  5123 | D:6      | Reached skill level 5 in Armour
  5127 | D:6      | Noticed a troll
  5229 | D:6      | Found a glowing golden altar of the Shining One.
  5283 | D:6      | Killed a troll
  5284 | D:6      | Reached skill level 11 in Axes
  5284 | D:6      | Reached XP level 9. HP: 79/79 MP: 8/8
  5308 | D:6      | HP: 3/79 [Shiverbunnies's ghost (11)]
  5704 | D:7      | Noticed Harold
  5716 | D:7      | Killed Harold
  5717 | D:7      | Reached skill level 5 in Dodging
  5946 | D:7      | Reached skill level 12 in Axes
  5947 | D:7      | Noticed Joseph
  5949 | D:7      | Found an opulent altar of Gozag.
  5958 | D:7      | Noticed Menkaure
  6256 | D:7      | Killed Menkaure
  6437 | D:7      | Killed Joseph
  6440 | D:7      | You fall into a shaft and drop 2 floors!
  6440 | D:9      | Found a sparkling altar of Nemelex Xobeh.
  6546 | D:9      | Reached XP level 10. HP: 74/90 MP: 9/9
  6786 | D:9      | Reached **** piety under Trog
  6960 | D:9      | Found a burning altar of Makhleb.
  7141 | D:9      | Found a basalt altar of Yredelemnul.
  7697 | D:9      | Found a hide-covered altar of Uskayaw.
  7709 | D:10     | Entered Level 10 of the Dungeon
  7904 | D:10     | Noticed a seven-headed hydra
  7906 | D:10     | Noticed a two-headed ogre
  7909 | D:10     | Reached skill level 13 in Axes
  7910 | D:10     | Slain by an eight-headed hydra

Illustrated notes

Levels and vault maps discovered:
D:1:      ebering_hopf_link, layout_basic,
          shapermc_ecumenical_altar_mp_urbaneastern
D:2:      layout_loops_corners, cheibrodos_gnoll_hut
D:3:      layout_loops_cross, lemuel_blue_sif_altar,
          nicolae_qazlal_eye_of_the_storm, kennysheep_cross_room
D:4:      layout_rooms, serial_shops, kennysheep_mini, minmay_crystal_room,
          amcnicky_mini_pool_small, minivault_11, uniq_pikel,
          uniq_blork_the_orc, uniq_ijyb
D:5:      layout_basic, old_standard_altar, minmay_temple_entry_trees,
          minmay_strange_pillars, fountainhead
D:6:      layout_basic, kennysheep_mini_moat, gammafunk_ghost_split
D:7:      layout_loops_ring, overflow_temple_1_default, minmay_misc_feat_alley,
          uniq_crazy_yiuf_cottage, uniq_joseph, uniq_menkaure, uniq_harold
D:9:      layout_basic, nicolae_overflow_crystal_walls,
          nicolae_uskayaw_suspiria, lemuel_doored_altar,
          nicolae_yredelemnul_corpse_copse
D:10:     minmay_the_grid_octo_tiled_octocenter
          [minmay_the_grid_octo_thin_diamonds, minmay_the_grid_octo_odd_swirl,
          minmay_the_grid_octo_vomiting_pacman, minmay_the_grid_octo_horde,
          minmay_the_grid_octo_prize_big_c,
          minmay_the_grid_square_5x5_two_walls_b,
          minmay_the_grid_square_5x5_checkered,
          minmay_the_grid_square_5x5_n_small,
          minmay_the_grid_square_5x5_dogpile], layout_irregular_city,
          bh_circular_ruins, uniq_fannar

Skill      XL: |  1  2  3  4  5  6  7  8  9 10 |
---------------+-------------------------------+-----
Fighting       | 4 5 6 7 8 9 |  9.1
Axes           | 4 5 7 8 11 12 13 | 13.1
Dodging        | 3 4 5 |  5.6
Armour         | 3 4 5 7 8 |  8.7
Stealth        | 1 |  1.1

Action                   |  1- 3 |  4- 6 |  7- 9 | 10-12 || total
-------------------------+-------+-------+-------+-------++-------
Melee: Hand axe          |    76 |    33 |       |       ||   109
       Headbutt          |     6 |     6 |    16 |    13 ||    41
       Executioner's axe |       |    10 |   126 |    78 ||   214
Invok: Berserk           |     1 |     3 |     6 |       ||    10
  Use: Scroll            |     5 |     4 |     6 |       ||    15
       Potion            |       |       |     3 |       ||     3
Armor: Animal skin       |    11 |     9 |       |       ||    20
       Scale mail        |       |     2 |    76 |    62 ||   140
Dodge: Dodged            |    46 |    38 |   111 |   104 ||   299

Table legend: (Time is in decaauts)
 A = Elapsed time spent in this place.
 B = Non-inter-level travel time spent in this place.
 C = Inter-level travel time spent in this place.
 D = Time resting spent in this place.
 E = Time spent auto-exploring this place.
 F = Levels seen in this place.
 G = Mean time per level.
                   A        B        C        D        E       F      G
               +--------+--------+--------+--------+--------+-----+--------+
         Total |   8107 |   7974 |    133 |   1240 |   5755 |   9 |  900.8 |
       Dungeon |   8107 |   7974 |    133 |   1240 |   5755 |   9 |  900.8 |
               +--------+--------+--------+--------+--------+-----+--------+

Top non-repeatable levels by time:
     D:9: 1309 daAuts
     D:6: 1298 daAuts
     D:2: 1278 daAuts
     D:3: 1252 daAuts
     D:1: 868 daAuts
     D:5: 747 daAuts
     D:4: 743 daAuts
     D:7: 402 daAuts
    D:10: 205 daAuts
